[ AOE2 MATCH · #508073460 ]
UnrankedBritons vs Mongols
Player's team · LOSS
Rival team · WIN
[ REPLAY ANALYSIS · EXTRACTED FROM THE RECORDED GAME ]
Feudal
10:42
Castle
28:14
Imperial
—
| APM avg | 59.9 |
| APM peak | 91 |
| eAPM avg | 30.7 |
| Villagers / military | 75 / 18 |
Focus
⚔️ 33.7% · 🌾 66.3%
Archer ×9 · Spearman ×3 · Skirmisher ×3 · Mangonel ×2 · Monk ×1
Feudal
12:13
Castle
28:33
Imperial
—
| APM avg | 52.8 |
| APM peak | 88 |
| eAPM avg | 32.4 |
| Villagers / military | 108 / 94 |
Focus
⚔️ 33.6% · 🌾 66.4%
Scout Cavalry ×62 · Skirmisher ×26 · Militia ×6
Match map
Initial resources + every placement click. Lines = walls · curves = elevation contours. ◆ gold · ⬟ stone · ● berries · ✦ relic · ◌ wall gap
Your base· Open — 5t gap
ssz's base· Open — unwalled flank
Smoothed initial terrain · ◌ = detected wall gap · hover for details
Inputs per minute
— NoToxic_MK - - ssz
Build order — NoToxic_MK
First 150 of 234 actions detected
| 0:00 | Queue | Villager (Male) |
| 0:00 | Queue | Villager (Male) |
| 0:01 | Queue | Villager (Male) |
| 0:02 | Build | House |
| 0:02 | Queue | Villager (Male) |
| 0:03 | Queue | Villager (Male) |
| 0:04 | Build | House |
| 1:21 | Queue | Villager (Male) |
| 1:52 | Build | Lumber Camp |
| 2:01 | Queue | Villager (Male) |
| 2:01 | Queue | Villager (Male) |
| 2:07 | Queue | Villager (Male) |
| 2:07 | Queue | Villager (Male) |
| 2:56 | Queue | Villager (Male) |
| 3:17 | Queue | Villager (Male) |
| 3:18 | Queue | Villager (Male) |
| 3:18 | Queue | Villager (Male) |
| 3:50 | Build | House |
| 3:54 | Queue | Villager (Male) |
| 4:13 | Queue | Villager (Male) |
| 4:15 | Build | Mill |
| 4:18 | Queue | Villager (Male) |
| 4:34 | Build | Palisade Wall |
| 4:34 | Build | Palisade Wall |
| 4:35 | Build | Palisade Wall |
| 4:40 | Build | Palisade Wall |
| 4:44 | Build | Palisade Wall |
| 4:45 | Build | Palisade Wall |
| 4:46 | Build | Palisade Wall |
| 4:46 | Build | Palisade Wall |
| 4:49 | Build | Palisade Wall |
| 4:51 | Build | House |
| 4:52 | Build | Palisade Wall |
| 4:53 | Build | Palisade Wall |
| 5:16 | Build | Palisade Wall |
| 5:17 | Build | Palisade Wall |
| 5:17 | Queue | Villager (Male) |
| 5:25 | Queue | Villager (Male) |
| 5:32 | Build | Palisade Wall |
| 5:45 | Queue | Villager (Male) |
| 5:50 | Queue | Villager (Male) |
| 6:00 | Build | Palisade Wall |
| 6:00 | Build | Palisade Wall |
| 6:01 | Build | Palisade Wall |
| 6:24 | Research | Loom |
| 6:27 | Queue | Villager (Male) |
| 6:27 | Queue | Villager (Male) |
| 6:39 | Build | House |
| 6:40 | Build | Palisade Wall |
| 6:40 | Build | Palisade Wall |
| 6:50 | Queue | Villager (Male) |
| 6:54 | Queue | Villager (Male) |
| 7:06 | Queue | Villager (Male) |
| 7:31 | Queue | Villager (Male) |
| 7:55 | Research | Loom |
| 8:21 | Research | Feudal Age |
| 8:56 | Queue | Villager (Male) |
| 9:15 | Build | Barracks |
| 9:50 | Build | Mining Camp |
| 10:00 | Build | Palisade Wall |
| 10:27 | Queue | Villager (Male) |
| 10:32 | Build | House |
| 10:38 | Queue | Villager (Male) |
| 10:42 | Age | Feudal Age |
| 10:44 | Build | Archery Range |
| 10:49 | Research | Double-Bit Axe |
| 10:49 | Research | Double-Bit Axe |
| 10:55 | Build | Palisade Wall |
| 11:33 | Queue | Archer |
| 11:33 | Queue | Archer |
| 11:36 | Build | Farm |
| 11:52 | Build | House |
| 12:01 | Queue | Villager (Male) |
| 12:04 | Build | Farm |
| 12:05 | Build | Farm |
| 12:31 | Build | Watch Tower |
| 12:57 | Queue | Villager (Male) |
| 12:58 | Queue | Villager (Male) |
| 13:01 | Build | Farm |
| 13:21 | Queue | Archer |
| 13:25 | Queue | Archer |
| 13:26 | Queue | Archer |
| 13:33 | Queue | Villager (Male) |
| 14:21 | Build | Lumber Camp |
| 14:29 | Build | Farm |
| 14:30 | Build | Farm |
| 14:31 | Build | Farm |
| 14:32 | Build | Farm |
| 14:39 | Queue | Villager (Male) |
| 14:39 | Queue | Villager (Male) |
| 14:54 | Queue | Skirmisher |
| 14:56 | Build | Farm |
| 15:08 | Build | House |
| 15:43 | Build | House |
| 15:49 | Queue | Villager (Male) |
| 15:53 | Build | Farm |
| 16:03 | Build | House |
| 16:08 | Queue | Villager (Male) |
| 16:21 | Build | Farm |
| 16:27 | Queue | Villager (Male) |
| 16:33 | Build | Farm |
| 16:55 | Queue | Villager (Male) |
| 16:57 | Queue | Villager (Male) |
| 17:05 | Build | Farm |
| 17:08 | Queue | Archer |
| 17:08 | Queue | Archer |
| 17:08 | Queue | Skirmisher |
| 17:15 | Build | Farm |
| 17:18 | Queue | Villager (Male) |
| 17:26 | Build | Market |
| 17:29 | Queue | Villager (Male) |
| 17:39 | Queue | Villager (Male) |
| 17:43 | Build | Mining Camp |
| 18:02 | Queue | Villager (Male) |
| 18:06 | Build | Farm |
| 18:07 | Queue | Skirmisher |
| 18:27 | Build | House |
| 18:29 | Build | House |
| 18:36 | Build | House |
| 18:38 | Build | House |
| 18:38 | Build | House |
| 18:40 | Build | House |
| 18:56 | Queue | Villager (Male) |
| 19:07 | Build | Palisade Gate |
| 19:27 | Queue | Villager (Male) |
| 19:36 | Queue | Villager (Male) |
| 19:42 | Build | Watch Tower |
| 19:48 | Queue | Villager (Male) |
| 20:28 | Build | Mill |
| 20:29 | Build | Farm |
| 20:29 | Build | Farm |
| 20:29 | Build | Farm |
| 20:29 | Build | Farm |
| 20:33 | Queue | Archer |
| 21:02 | Queue | Villager (Male) |
| 21:06 | Queue | Archer |
| 21:12 | Queue | Villager (Male) |
| 21:25 | Build | Palisade Gate |
| 21:57 | Build | Farm |
| 21:57 | Build | Farm |
| 21:58 | Build | Farm |
| 21:58 | Build | Farm |
| 21:58 | Build | Farm |
| 22:10 | Build | Farm |
| 22:41 | Build | Watch Tower |
| 22:44 | Build | House |
| 22:54 | Queue | Villager (Male) |
| 22:54 | Queue | Villager (Male) |
| 23:03 | Build | Mining Camp |
| 23:07 | Build | Mill |
Build order — ssz
First 150 of 299 actions detected
| 0:00 | Queue | Villager (Male) |
| 0:02 | Build | House |
| 0:03 | Build | House |
| 0:04 | Queue | Villager (Male) |
| 0:11 | Queue | Villager (Male) |
| 0:16 | Queue | Villager (Male) |
| 0:17 | Queue | Villager (Male) |
| 1:31 | Queue | Villager (Male) |
| 1:31 | Queue | Villager (Male) |
| 2:03 | Build | Barracks |
| 2:08 | Queue | Villager (Male) |
| 2:08 | Queue | Villager (Male) |
| 2:09 | Queue | Villager (Male) |
| 2:51 | Build | House |
| 2:57 | Research | Loom |
| 3:00 | Queue | Militia |
| 3:00 | Queue | Militia |
| 3:09 | Queue | Militia |
| 3:09 | Queue | Militia |
| 3:24 | Queue | Militia |
| 3:24 | Queue | Militia |
| 3:32 | Queue | Villager (Male) |
| 3:32 | Queue | Villager (Male) |
| 3:50 | Queue | Villager (Male) |
| 3:51 | Queue | Villager (Male) |
| 3:55 | Build | House |
| 4:32 | Queue | Villager (Male) |
| 4:50 | Build | Lumber Camp |
| 4:54 | Queue | Villager (Male) |
| 4:54 | Queue | Villager (Male) |
| 5:22 | Queue | Villager (Male) |
| 5:46 | Queue | Villager (Male) |
| 5:46 | Queue | Villager (Male) |
| 6:18 | Queue | Villager (Male) |
| 6:18 | Queue | Villager (Male) |
| 6:31 | Build | Mill |
| 6:35 | Queue | Villager (Male) |
| 6:39 | Build | House |
| 6:55 | Queue | Villager (Male) |
| 7:13 | Queue | Villager (Male) |
| 7:13 | Queue | Villager (Male) |
| 8:01 | Queue | Villager (Male) |
| 8:12 | Queue | Villager (Male) |
| 8:46 | Build | Mill |
| 8:49 | Queue | Villager (Male) |
| 9:10 | Build | Farm |
| 9:21 | Queue | Villager (Male) |
| 9:39 | Queue | Villager (Male) |
| 9:48 | Build | Farm |
| 10:03 | Research | Feudal Age |
| 10:03 | Research | Feudal Age |
| 10:31 | Queue | Villager (Male) |
| 10:39 | Build | Mining Camp |
| 10:45 | Queue | Villager (Male) |
| 11:39 | Build | House |
| 11:39 | Build | House |
| 12:13 | Age | Feudal Age |
| 12:20 | Build | Watch Tower |
| 12:36 | Queue | Villager (Male) |
| 12:40 | Build | Archery Range |
| 12:44 | Queue | Villager (Male) |
| 13:17 | Queue | Villager (Male) |
| 13:25 | Build | Watch Tower |
| 13:31 | Queue | Villager (Male) |
| 13:33 | Research | Double-Bit Axe |
| 13:49 | Queue | Skirmisher |
| 13:49 | Queue | Skirmisher |
| 13:49 | Queue | Skirmisher |
| 13:50 | Queue | Villager (Male) |
| 14:00 | Queue | Skirmisher |
| 14:00 | Queue | Skirmisher |
| 14:08 | Queue | Skirmisher |
| 14:12 | Queue | Skirmisher |
| 14:18 | Queue | Villager (Male) |
| 14:27 | Queue | Villager (Male) |
| 14:33 | Build | Blacksmith |
| 14:36 | Queue | Villager (Male) |
| 14:50 | Build | Mining Camp |
| 14:51 | Queue | Villager (Male) |
| 15:00 | Queue | Skirmisher |
| 15:01 | Queue | Skirmisher |
| 15:08 | Queue | Villager (Male) |
| 15:13 | Build | House |
| 15:14 | Build | Palisade Wall |
| 15:18 | Queue | Villager (Male) |
| 15:23 | Build | Palisade Wall |
| 15:26 | Build | House |
| 15:27 | Build | House |
| 15:30 | Queue | Villager (Male) |
| 15:38 | Queue | Villager (Male) |
| 15:44 | Queue | Skirmisher |
| 15:57 | Queue | Villager (Male) |
| 16:00 | Build | House |
| 16:05 | Build | House |
| 16:06 | Build | House |
| 16:07 | Queue | Villager (Male) |
| 16:22 | Queue | Villager (Male) |
| 16:24 | Build | Farm |
| 16:25 | Build | Farm |
| 16:49 | Build | Watch Tower |
| 16:52 | Queue | Villager (Male) |
| 17:06 | Queue | Villager (Male) |
| 17:11 | Queue | Skirmisher |
| 17:15 | Queue | Villager (Male) |
| 17:18 | Build | House |
| 17:19 | Build | Palisade Wall |
| 17:21 | Build | Farm |
| 17:32 | Queue | Villager (Male) |
| 17:47 | Build | Farm |
| 17:57 | Build | Watch Tower |
| 18:22 | Build | Watch Tower |
| 18:26 | Build | Palisade Wall |
| 18:43 | Build | Watch Tower |
| 18:51 | Build | Watch Tower |
| 18:52 | Queue | Villager (Male) |
| 19:28 | Queue | Villager (Male) |
| 19:41 | Build | Watch Tower |
| 19:44 | Build | Watch Tower |
| 19:47 | Queue | Villager (Male) |
| 19:50 | Build | Mining Camp |
| 19:54 | Build | House |
| 19:57 | Queue | Skirmisher |
| 20:11 | Build | Farm |
| 20:14 | Build | Market |
| 20:26 | Queue | Skirmisher |
| 20:57 | Queue | Villager (Male) |
| 20:59 | Build | Farm |
| 21:01 | Build | Farm |
| 21:24 | Queue | Villager (Male) |
| 21:41 | Queue | Villager (Male) |
| 21:50 | Queue | Skirmisher |
| 21:50 | Queue | Skirmisher |
| 22:06 | Queue | Skirmisher |
| 22:21 | Build | Watch Tower |
| 22:22 | Queue | Skirmisher |
| 22:23 | Queue | Skirmisher |
| 22:24 | Queue | Skirmisher |
| 22:24 | Queue | Skirmisher |
| 22:28 | Queue | Villager (Male) |
| 22:28 | Queue | Villager (Male) |
| 22:31 | Build | Farm |
| 22:46 | Build | Mill |
| 22:47 | Build | Farm |
| 22:47 | Build | Farm |
| 22:47 | Build | Farm |
| 22:48 | Build | Farm |
| 22:48 | Build | Farm |
| 22:48 | Build | Farm |
| 22:48 | Build | Farm |
| 22:49 | Build | Farm |
Match timeline
| 2:03 | ssz · first_building Barracks |
| 4:34 | NoToxic_MK · wall_segment Palisade Wall x1 |
| 4:34 | NoToxic_MK · wall_segment Palisade Wall x1 |
| 4:35 | NoToxic_MK · wall_segment Palisade Wall x1 |
| 4:40 | NoToxic_MK · wall_segment Palisade Wall x4 |
| 4:44 | NoToxic_MK · wall_segment Palisade Wall x1 |
| 4:45 | NoToxic_MK · wall_segment Palisade Wall x1 |
| 4:46 | NoToxic_MK · wall_segment Palisade Wall x1 |
| 4:46 | NoToxic_MK · wall_segment Palisade Wall x1 |
| 4:49 | NoToxic_MK · wall_segment Palisade Wall x2 |
| 4:52 | NoToxic_MK · wall_segment Palisade Wall x1 |
| 4:53 | NoToxic_MK · wall_segment Palisade Wall x1 |
| 5:16 | NoToxic_MK · wall_segment Palisade Wall x4 |
| 5:17 | NoToxic_MK · wall_segment Palisade Wall x4 |
| 5:32 | NoToxic_MK · wall_segment Palisade Wall x3 |
| 6:00 | NoToxic_MK · wall_segment Palisade Wall x1 |
| 6:00 | NoToxic_MK · wall_segment Palisade Wall x1 |
| 6:01 | NoToxic_MK · wall_segment Palisade Wall x1 |
| 6:40 | NoToxic_MK · wall_segment Palisade Wall x1 |
| 6:40 | NoToxic_MK · wall_segment Palisade Wall x1 |
| 9:15 | NoToxic_MK · first_building Barracks |
| 10:00 | NoToxic_MK · wall_segment Palisade Wall x1 |
| 10:42 | NoToxic_MK · age_up feudal |
| 10:44 | NoToxic_MK · first_building Archery Range |
| 10:55 | NoToxic_MK · wall_segment Palisade Wall x1 |
| 12:13 | ssz · age_up feudal |
| 12:40 | ssz · first_building Archery Range |
| 15:14 | ssz · wall_segment Palisade Wall x15 |
| 15:23 | ssz · wall_segment Palisade Wall x3 |
| 17:19 | ssz · wall_segment Palisade Wall x6 |
| 18:26 | ssz · wall_segment Palisade Wall x1 |
| 22:15 | ssz · first_market_buy 100 stone |
| 22:53 | NoToxic_MK · first_market_buy 100 food |
| 22:58 | NoToxic_MK · first_market_sell 100 wood |
| 25:25 | ssz · first_market_sell 100 wood |
| 25:56 | NoToxic_MK · wall_segment Palisade Wall x10 |
| 27:30 | ssz · first_building Stable |
| 28:14 | NoToxic_MK · age_up castle |
| 28:33 | ssz · age_up castle |
| 28:56 | NoToxic_MK · first_building Siege Workshop |
| 29:37 | NoToxic_MK · first_building Monastery |
| 30:00 | NoToxic_MK · wall_segment Palisade Wall x2 |
| 30:06 | NoToxic_MK · wall_segment Stone Wall x1 |
| 35:44 | NoToxic_MK · resign |
[ AI ANALYSIS · 1 CREDIT ]
What really happened in this match?
Wolo.gg analyzes every decision: build order, eco, micro, common mistakes by bracket. Personalized analysis on WhatsApp or Discord in 30 seconds.
Civ guide
Britons
Perfil
NoToxic_MK